 Dungeon Crawl Stone Soup version 0.22.1-2-g9c5b331 (webtiles) character file.

209 teukkam the Skirmisher (level 5, -6/47 HPs)
             Began as a Minotaur Fighter on Nov 16, 2018.
             Was a Believer of Sif Muna.
             Mangled by an ogre
             ... wielding a +0 giant club
              (18 damage)
             ... on level 4 of the Dungeon.
             The game lasted 00:08:58 (2107 turns).

teukkam the Skirmisher (Minotaur Fighter)           Turns: 2107, Time: 00:09:00

Health: -6/47      AC:  6    Str: 22    XL:     5   Next: 55%
Magic:  5/5        EV:  9    Int:  5    God:    Sif Muna [**....]
Gold:   250        SH:  9    Dex:  9    Spells: 4/5 levels left

rFire    + . .     SeeInvis .   a - +2 whip (venom)
rCold    . . .     Gourm    .   c - +0 shield
rNeg     . . .     Faith    .   i - +3 leather armour {rF+}
rPois    .         Spirit   .   (helmet restricted)
rElec    .         Reflect  .   (no cloak)
rCorr    .         Harm     .   (no gloves)
MR       .....                  (no boots)
Stlth    +.........             (no amulet)
HPRegen  0.15/turn              (no ring)
MPRegen  0.09/turn              (no ring)

@: no status effects
A: retaliatory headbutt, horns 2
a: Divine Energy, Renounce Religion


You were on level 4 of the Dungeon.
You worshipped Sif Muna.
Sif Muna was pleased with you.
You were not hungry.

You visited 1 branch of the dungeon, and saw 4 of its levels.

You collected 250 gold pieces.

Inventory:

Hand Weapons
 a - a +2 whip of venom (weapon)
 b - a +3 hunting sling of flaming
 p - a +1 war axe
Missiles
 h - 42 bolts
 j - 4 javelins (quivered)
 o - 11 poisoned needles
 t - 128 stones
Armour
 c - a +0 shield (worn)
 i - a +3 leather armour of fire resistance (worn)
Wands
 d - a wand of digging (10)
Scrolls
 k - a scroll of magic mapping {unknown}
 l - 3 scrolls of remove curse {unknown}
 n - a scroll of random uselessness {unknown}
 u - 3 scrolls of teleportation {unknown}
 v - 3 scrolls of identify {unknown}
Potions
 g - a potion of invisibility {unknown}
 m - 2 potions of haste {unknown}
 q - 3 potions of brilliance {unknown}
 r - a potion of lignification {unknown}
Comestibles
 f - 9 rations
 s - 2 chunks of flesh


   Skills:
 - Level 4.5 Fighting
 - Level 3.6(3.8) Axes
 + Level 1.4(2.7) Maces & Flails
 + Level 1.1 Slings
 - Level 4.5 Armour
 - Level 4.5 Shields
 + Level 0.9 Spellcasting
 + Level 0.8 Conjurations


You had 4 spell levels left.
You knew the following spells:

 Your Spells              Type           Power        Failure   Level  Hunger
a - Magic Dart            Conj           #...         85%         1    ##.....

Your spell library contained the following spells:

 Spells                   Type           Power        Failure   Level  Hunger
 Searing Ray              Conj           #.....       94%         2    ###....
 Dazzling Spray           Conj/Hex       #.....       99%         3    ####...
 Force Lance              Conj/Tloc      #.......     100%        4    #####..
 Fulminant Prism          Conj/Hex       #.........   100%        4    #####..
 Iskenderun's Mystic Bla  Conj           #.......     100%        4    #####..


Dungeon Overview and Level Annotations

Branches:
Dungeon (4/15)
 Temple: D:4-7

Altars:
Okawaru
Sif Muna
Yredelemnul
The Shining One


Innate Abilities, Weirdness & Mutations

You reflexively headbutt those who attack you in melee.
You have a pair of horns on your head.


Message History

The gnoll is moderately wounded.
You block the gnoll's attack. The ogre hits you with a giant club.
The gnoll hits you!
The centaur skeleton hits you but does no damage.
You hit the gnoll but do no damage.
The gnoll is poisoned.
You headbutt the gnoll!
The gnoll is severely wounded.
You kill the gnoll!
Sif Muna accepts your kill. The gnoll hits you.
The centaur skeleton closely misses you.
The ogre hits you with a giant club!
* * * LOW HITPOINT WARNING * * *
You hit the ogre.
The ogre is lightly wounded.
You block the centaur skeleton's attack.
The gnoll hits you.
* * * LOW HITPOINT WARNING * * *
The ogre hits you with a giant club!!
You die...

.........<.##
............#
#####.......##
##...##...##
##....##....###
(#####.....##......##
...........###......#
......).....##.....##
......Z@....###....#
....[.Og.....##....#
.............#.....#
................##.#
................# ##
..#.............# .
###..........##
............#
............#


You could see an ogre, a gnoll and a centaur skeleton.

Vanquished Creatures
  Ijyb (D:3)
  3 gnolls
  5 adders
  An ooze (D:2)
  2 worms
  3 dart slugs
  3 leopard geckos
  5 orcs (D:3)
  A ball python (D:3)
  3 bats
  3 giant cockroaches
  12 goblins
  11 hobgoblins
  6 jackals
  5 kobolds
  3 quokkas
  6 frilled lizards
  8 rats
81 creatures vanquished.

Notes
Turn   | Place    | Note
-------+----------+-------------------------------------------
     0 | D:1      | teukkam the Minotaur Fighter began the quest for the Orb.
     0 | D:1      | Reached XP level 1. HP: 19/19 MP: 0/0
    81 | D:3      | Noticed Ijyb
    98 | D:3      | Killed Ijyb
    98 | D:3      | Reached XP level 2. HP: 12/27 MP: 1/1
    98 | D:3      | Reached XP level 3. HP: 15/33 MP: 2/2
   202 | D:3      | Found a faded altar of an unknown god.
   219 | D:3      | Became a worshipper of Sif Muna the Loreminder
   219 | D:3      | Reached * piety under Sif Muna
   286 | D:2      | Reached XP level 4. HP: 38/41 MP: 3/3
   309 | D:2      | Found a glowing golden altar of the Shining One.
   561 | D:1      | Found a deep blue altar of Sif Muna.
  1012 | D:2      | Learned a level 1 spell: Magic Dart
  1072 | D:2      | Reached ** piety under Sif Muna
  1091 | D:2      | Reached XP level 5. HP: 34/47 MP: 4/4
  1346 | D:2      | Reached skill level 1 in Maces & Flails
  1566 | D:3      | Found an iron altar of Okawaru.
  1570 | D:3      | Found a basalt altar of Yredelemnul.
  1747 | D:3      | Found a deep blue altar of Sif Muna.
  2097 | D:4      | Noticed an ogre
  2100 | D:4      | Reached skill level 1 in Slings
  2107 | D:4      | Mangled by an ogre

Skill      XL: |  1  2  3  4  5 |
---------------+----------------+-----
Fighting       | 4 |  4.5
Axes           | 3 |  3.6
Armour         | 4 |  4.5
Shields        | 4 |  4.5
Maces & Flails | 1 |  1.4
Slings         | 1 |  1.1
Spellcasting   | |  0.9
Conjurations   | |  0.8

Action                   |  1- 3 |  4- 6 || total
-------------------------+-------+-------++-------
Melee: War axe           |    40 |    48 ||    88
       Headbutt          |     6 |    26 ||    32
       Whip              |       |    75 ||    75
 Fire: Hunting sling     |       |    11 ||    11
Throw: Javelin           |       |     5 ||     5
  Use: Potion            |     1 |     1 ||     2
       Scroll            |     1 |       ||     1
  Eat: Chunk             |       |     4 ||     4
Armor: Scale mail        |     2 |       ||     2
       Leather armour    |     6 |    33 ||    39
Dodge: Dodged            |     7 |    39 ||    46
Block: Shield            |    15 |    57 ||    72
